 Dungeon Crawl Stone Soup version 0.23-a0-554-gd3cbc84 (console) character file.

59 Duffy the Ruffian (level 3, 36/36 HPs)
             Began as a Troll Fighter on Dec 10, 2018.
             Quit the game on level 2 of the Dungeon.
             The game lasted 00:01:04 (1012 turns).

Duffy the Ruffian (Troll Fighter)                   Turns: 1012, Time: 00:01:05

Health: 36/36      AC:  5    Str: 25    XL:     3   Next: 78%
Magic:  2/2        EV:  8    Int:  4    God:
Gold:   72         SH:  8    Dex:  9    Spells: 2/2 levels left

rFire    . . .     SeeInvis .     - Unarmed
rCold    . . .     Gourm    +   b - +0 shield
rNeg     . . .     Faith    .   a - +0 robe
rPois    .         Spirit   .   (helmet restricted)
rElec    .         Reflect  .   (no cloak)
rCorr    .         Harm     .   (gloves unavailable)
MR       .....                  (boots unavailable)
Stlth    +.........             (no amulet)
HPRegen  0.52/turn              (no ring)
MPRegen  0.08/turn              (no ring)

@: no status effects
A: large, unfitting armour, claws 3, fast metabolism 3, gourmand, regeneration
1, shaggy fur 1, tough skin 2
a: no special abilities


You were on level 2 of the Dungeon.
You were completely stuffed.

You visited 1 branch of the dungeon, and saw 2 of its levels.

You collected 72 gold pieces.

Inventory:

Armour
 a - a +0 robe (worn)
 b - a +0 shield (worn)
Scrolls
 g - a scroll of random uselessness {unknown}
 h - a scroll of identify {unknown}
 i - a scroll of enchant weapon {unknown}
 j - a scroll of teleportation {unknown}
 k - a scroll of magic mapping {unknown}
Potions
 c - a potion of might
 e - a potion of curing {unknown}
Comestibles
 d - 5 rations
 f - a chunk of flesh


   Skills:
 - Level 2.4 Fighting
 - Level 2.4 Dodging
 - Level 2.4 Shields
 + Level 4.2 Unarmed Combat


You had 2 spell levels left.
You didn't know any spells.
Your spell library was empty.

Dungeon Overview and Level Annotations

Branches:
Dungeon (2/15)

Altars:


Innate Abilities, Weirdness & Mutations

You are too large for most types of armour.
You have claws for hands.
Your metabolism is lightning-fast.
You like to eat raw meat.
Your natural rate of healing is unusually fast.
You are covered in fur. (AC +1)
You have very tough skin. (AC +2)


Message History

You kill the goblin!
No target in view!
No target in view!
No target in view!
No target in view!
No target in view!
No target in view!
No target in view!
No target in view!
You see here a +0 club.
Eating one of 2 chunks of flesh.
You eat one of the 2 chunks of flesh.
This raw flesh tastes great.
Found a flail.
You see here a flail.
Found a stone staircase leading down.
A jackal comes into view.
A jackal is nearby!
A jackal is nearby!
A jackal comes into view.
Are you sure you want to abandon this character and quit the game? (Confirm

#+# ......# ..
#...h.. .# #
#.....#.. # #
#.##.$...#. ..
+ .....h.> ..
# #.##.....#
.#
#........#.#
#...@...#
####.#### #+#
#.# #.# #.#
### #.# #.#
..###.## #.#
#.##...## #.#
#.#.....# #.#
#.##...#######
#.#


You could see 2 jackals.

Vanquished Creatures
  2 adders (D:2)
  A dart slug (D:1)
  2 leopard geckos
  3 bats (D:1)
  A giant cockroach (D:1)
  5 hobgoblins
  6 jackals (D:1)
  3 kobolds
  A ball python (D:1)
  A frilled lizard (D:1)
  5 goblins
  3 rats (D:1)
33 creatures vanquished.

Notes
Turn   | Place    | Note
-------+----------+-------------------------------------------
     0 | D:1      | Duffy the Troll Fighter began the quest for the Orb.
     0 | D:1      | Reached XP level 1. HP: 22/22 MP: 0/0
   125 | D:1      | Reached XP level 2. HP: 29/29 MP: 1/1
   286 | D:1      | Reached skill level 3 in Unarmed Combat
   541 | D:1      | Reached XP level 3. HP: 35/36 MP: 2/2
   842 | D:2      | Reached skill level 4 in Unarmed Combat
  1012 | D:2      | Quit the game

Vault maps used:
D:1:      mrwooster_arrival_arrow
D:2:      palyth_stone_intersect, hex_large

Skill      XL: |  1  2  3 |
---------------+----------+-----
Unarmed Combat | 3 4 |  4.2
Fighting       | |  2.4
Dodging        | |  2.4
Shields        | |  2.4

Action                   || total
-------------------------++-------
Melee: Unarmed           ||   116
  Eat: Chunk             ||    15
Armor: Robe              ||    51
Dodge: Dodged            ||    53
Block: Shield            ||    58

Table legend:
 A = Non-vault XP
 B = Vault XP
 C = Vault XP percentage of total XP
 D = Non-vault monster count
 E = Vault monster count
 F = Vault count percentage of total count
                 A         B        C        D         E       F
            +---------+---------+-------+---------+---------+-------
      Total |      85 |       0 |   0.0 |      33 |       0 |   0.0
            +---------+---------+-------+---------+---------+-------
        D:1 |      50 |       0 |   0.0 |      27 |       0 |   0.0
        D:2 |      35 |       0 |   0.0 |       6 |       0 |   0.0
            +---------+---------+-------+---------+---------+-------
